 Dungeon Crawl Stone Soup version 0.27-a0-577-ge2a43ba0c9 (webtiles) character file.

Game seed: 2426446109640780358

11350 sahdkjhfkaj the Geomancer (level 12, -7/95 HPs)
             Began as a Formicid Earth Elementalist on Mar 10, 2021.
             Was a Follower of Uskayaw.
             Mangled by a black mamba (15 damage)
             ... on level 8 of the Dungeon.
             The game lasted 00:24:20 (17846 turns).

sahdkjhfkaj the Geomancer (FoEE)                   Turns: 17846, Time: 00:24:21

Health: -7/95      AC:  5    Str: 14    XL:     12   Next: 6%
Magic:  2/30       EV: 17    Int: 18    God:    Uskayaw [*.....]
Gold:   459        SH:  0    Dex: 12    Spells: 13/23 levels left

rFire    + . .     SeeInvis +   a - +1 dagger (elec)
rCold    . . .     Faith    .   (no shield)
rNeg     . . .     Spirit   .   o - +2 robe {rF+}
rPois    .         Reflect  .   (helmet unavailable)
rElec    .         Harm     .   (no cloak)
rCorr    .         Rampage  .   C - +0 pair of gloves
Will     +....                  (no boots)
Stlth    +++.......             (no amulet)
HPRegen  0.25/turn              u - +4 ring of evasion
MPRegen  0.22/turn              f - ring of magical power

@: no status effects
A: permanent stasis, dig shafts and tunnels, antennae 3, four strong arms
a: Dig, Shaft Self, Renounce Religion, Stomp


You were on level 8 of the Dungeon.
You worshipped Uskayaw.
Uskayaw was noncommittal.
You visited 3 branches of the dungeon, and saw 13 of its levels.

You collected 551 gold pieces.
You spent 92 gold pieces at shops.

Inventory:

Hand Weapons
 a - a +1 dagger of electrocution (weapon)
Missiles
 g - 73 poisoned darts
 i - 2 curare-tipped darts
 s - 285 stones
 t - 4 atropa-tipped darts
 A - 12 boomerangs
 D - 7 boomerangs of dispersal
Armour
 o - a +2 robe of fire resistance (worn)
 C - a +0 pair of gloves (worn)
Jewellery
 c - a ring of protection from cold
 f - a ring of magical power (right hand)
 u - a +4 ring of evasion (left hand)
Wands
 e - a wand of charming (7)
 h - a wand of acid (6)
 j - a wand of polymorph (7)
 p - a wand of paralysis (8)
 q - a wand of flame (17)
 r - a wand of random effects (19)
Scrolls
 b - a scroll of enchant weapon
 d - 4 scrolls of teleportation {unknown}
 v - a scroll of enchant armour
 B - a scroll of fear {unknown}
 E - a scroll of acquirement {unknown}
 F - a scroll of fog
 G - 2 scrolls of amnesia {unknown}
 K - 2 scrolls of immolation
 X - a scroll of magic mapping {@r4}
Potions
 k - a potion of berserk rage {unknown}
 l - a potion of invisibility {unknown}
 m - a potion of degeneration {unknown}
 n - a potion of mutation {unknown}
 w - 2 potions of flight {unknown}
 x - 3 potions of attraction {unknown}
 y - 2 potions of heal wounds {unknown}
 z - a potion of resistance
 J - 2 potions of curing {@q1}
 P - 2 potions of lignification


   Skills:
 - Level 9.0 Fighting
 - Level 3.0 Short Blades
 - Level 5.0 Dodging
 - Level 6.0 Stealth
 - Level 6.0 Spellcasting
 - Level 5.0 Transmutations
 + Level 13.2 Earth Magic
 - Level 5.0 Invocations
 - Level 5.0 Evocations


You had 13 spell levels left.
You knew the following spells:

 Your Spells              Type           Power      Damage    Failure   Level
a - Sandblast             Erth           100%       2d20      1%          1
d - Petrify               Tmut/Erth      38%        N/A       2%          4
e - Lee's Rapid Deconstr  Erth           26%        3d15*     1%          5

Your spell library contained the following spells:

 Spells                   Type           Power      Damage    Failure   Level
 Passwall                 Tmut/Erth      31%        N/A       1%          2
 Stone Arrow              Conj/Erth      58%        3d10      2%          3
 Summon Small Mammal      Summ           20%        N/A       12%         1
 Call Imp                 Summ           5%         N/A       19%         2
 Call Canine Familiar     Summ           5%         N/A       34%         3
 Confusing Touch          Hex            5%         N/A       34%         3
 Gell's Gravitas          Tloc           2%         N/A       34%         3
 Summon Guardian Golem    Hex/Summ       5%         N/A       34%         3
 Summon Ice Beast         Ice/Summ       5%         N/A       75%         4
 Summon Lightning Spire   Summ/Air       5%         N/A       75%         4
 Yara's Violent Unravell  Hex/Tmut       7%         3d5       75%         5
 Metabolic Englaciation   Hex/Ice        2%         N/A       97%         5


Dungeon Overview and Level Annotations

Branches:
Dungeon (11/15)            Temple (1/1) D:6            Lair (1/6) D:8
    Orc: D:9-12

Altars:
Ashenzari
Cheibriados
Dithmenos
Elyvilon
Fedhas
Gozag
Hepliaklqana
Kikubaaqudgha
Makhleb
Nemelex Xobeh
Okawaru
Qazlal
Ru
Sif Muna
Trog
Uskayaw
Vehumet
Wu Jian
Xom
Yredelemnul
Zin
The Shining One

Shops:
D:9 =*([[

Annotations:
D:4 exclusion: 3 killer bees


Innate Abilities, Weirdness & Mutations

You cannot be hasted, slowed, berserked, paralysed or teleported.
You can dig through walls and to a lower floor.
You have a pair of large antennae on your head. (SInv)
Your four strong arms can wield two-handed weapons with a shield.


Message History

Unknown command.
You climb upwards.
Welcome back to the Dungeon!
You feel very sick.
There is a staircase to the Lair, spattered with blood here.
Casting: Petrify (dangerous; 2% risk of failure)
Confirm with . or Enter, or press ? or * to list all spells.
Aiming: Petrify (dangerous; 2% risk of failure)
Press: ? - help, Shift-Dir - straight line, f - black mamba
Aim: a black mamba (lightly wounded, chance to affect: 66%)
The black mamba struggles to resist.
The black mamba bites you!
* * * LOW HITPOINT WARNING * * *
You are more poisoned.
The black mamba poisons you!
Unknown command.
Casting: Petrify (dangerous; 2% risk of failure)
Confirm with . or Enter, or press ? or * to list all spells.
Aiming: Petrify (dangerous; 2% risk of failure)
Press: ? - help, Shift-Dir - straight line, f/p - black mamba
Aim: a black mamba (lightly wounded, chance to affect: 66%)
The black mamba is moving more slowly.
You feel very sick. The black mamba bites you!
* * * LOW HITPOINT WARNING * * *
The black mamba bites you.
* * * LOW HITPOINT WARNING * * *
You are more poisoned.
The black mamba poisons you!
You can no longer pass through a line of other dancers.
Unknown command.
Unknown command.
You feel better. The black mamba bites you!
* * * LOW HITPOINT WARNING * * *
Unknown command.
Unknown command.
The black mamba bites you.
* * * LOW HITPOINT WARNING * * *
The black mamba bites you!
* * * LOW HITPOINT WARNING * * *
The black mamba bites you!
You die...

........................#
........................#
........................#
.......###..(...........###
..........................#
...............≈≈.≈..≈≈...#
........≈≈≈..≈≈.≈≈≈..≈....#
.......≈≈≈≈≈≈≈≈≈≈≈≈≈≈≈....#
...#..≈≈≈≈≈≈≈≈≈≈@≈≈≈≈≈≈...#
.........≈≈≈≈...S..≈≈≈....#
.......≈≈≈≈≈≈.≈...≈≈≈.≈≈..#
................>..≈≈≈≈...#
......≈≈≈≈≈≈....†.≈≈≈≈..≈.##
......≈≈≈≈≈≈≈.≈.≈≈.≈≈≈≈....#
.......≈≈≈≈≈≈≈≈≈≈≈≈≈≈≈.≈...#
.........≈.≈≈≈≈≈≈≈≈≈≈≈≈....#
.......≈≈..≈≈≈≈≈≈≈≈≈...≈...#


You could see a black mamba (petrifying).

Vanquished Creatures
  2 two-headed ogres
  Pikel (D:6)
  A cane toad (Lair:1)
  Joseph (D:8)
  Psyche (D:10)
  Maggie (D:8)
  A troll (D:8)
  8 blink frogs
  Sigmund (D:5)
  A wyvern (D:10)
  2 vampires (D:10)
  8 yaks
  Grum (D:9)
  3 water moccasins
  2 orc warriors
  2 black bears (D:7)
  A sky beast (D:6)
  An ice beast (D:5)
  7 wolves
  4 ogres
  A centaur (D:8)
  2 phantoms
  3 kobold brigands
  7 bullfrogs
  2 scorpions (D:7)
  5 killer bees (D:7)
  4 electric eels (D:8)
  8 wights (D:7)
  10 hounds
  4 jellies
  2 orc priests (D:8)
  2 bullfrog skeletons
  A centaur skeleton (D:7)
  5 iguanas
  9 orc wizards
  Natasha (thrice) (D:3)
  8 worker ants
  2 hound skeletons
  4 gnolls
  11 adders
  4 shadow imps
  4 white imps
  3 ufetubi
  2 adder skeletons
  2 worms (D:2)
  4 dart slugs
  4 leopard geckos
  28 orcs
  A ball python (D:3)
  6 giant cockroaches
  8 goblins
  6 hobgoblins
  15 jackals
  7 quokkas
  6 bats
  6 frilled lizards
  A jackal skeleton (D:8)
  27 kobolds
  6 rats
282 creatures vanquished.

Vanquished Creatures (others)
  A fungus (Lair:1)
  3 plants (Lair:1)
4 creatures vanquished.

Grand Total: 286 creatures vanquished

Notes
Turn   | Place    | Note
-------+----------+-------------------------------------------
     0 | D:1      | sahdkjhfkaj the Formicid Earth Elementalist began the quest
                  | for the Orb.
     0 | D:1      | Reached XP level 1. HP: 13/13 MP: 3/3
    60 | D:1      | Reached skill level 1 in Fighting
   180 | D:1      | Reached XP level 2. HP: 21/21 MP: 3/5
   214 | D:1      | Reached skill level 4 in Earth Magic
   287 | D:1      | Reached skill level 1 in Short Blades
   361 | D:1      | Reached XP level 3. HP: 26/26 MP: 4/6
   878 | D:2      | Reached XP level 4. HP: 25/32 MP: 5/7
  1189 | D:2      | Reached skill level 5 in Earth Magic
  1478 | D:2      | Reached XP level 5. HP: 20/37 MP: 3/8
  3124 | D:3      | Noticed Natasha
  3130 | D:3      | Killed Natasha
  3131 | D:3      | Reached XP level 6. HP: 43/43 MP: 9/9
  3293 | D:3      | Noticed Natasha
  3301 | D:3      | Killed Natasha
  3302 | D:3      | Reached skill level 5 in Stealth
  3345 | D:3      | Noticed Natasha
  3357 | D:3      | Killed Natasha
  3587 | D:3      | Found an iron altar of Okawaru.
  3703 | D:4      | Learned a level 5 spell: Lee's Rapid Deconstruction
  3927 | D:4      | You fall into a shaft and drop 2 floors!
  3929 | D:6      | Noticed Pikel
  3976 | D:6      | Found a staircase to the Ecumenical Temple.
  3984 | Temple   | Entered the Ecumenical Temple
  4277 | Temple   | Became a worshipper of Uskayaw the Reveller
  4314 | D:6      | Reached * piety under Uskayaw
  4327 | D:6      | Reached ** piety under Uskayaw
  4344 | D:6      | HP: 2/64 [Pikel/+1 whip of freezing (2)]
  4347 | D:6      | Killed Pikel
  4348 | D:6      | Reached skill level 8 in Earth Magic
  4348 | D:6      | Reached XP level 7. HP: 15/48 MP: 10/10
  4348 | D:6      | Reached XP level 8. HP: 16/54 MP: 11/11
  4655 | D:6      | Found a bloodstained altar of Trog.
  4680 | D:6      | Reached *** piety under Uskayaw
  4700 | D:6      | HP: 2/54 [iguana (13)]
  5161 | D:6      | Identified the +8 chain mail of Jeedet {rN+ Int+4 Dex+2}
  5173 | D:6      | Reached skill level 9 in Earth Magic
  5358 | D:5      | Entered Level 5 of the Dungeon
  5384 | D:5      | Noticed Sigmund
  5396 | D:5      | Killed Sigmund
  5397 | D:5      | Reached skill level 10 in Earth Magic
  5397 | D:5      | Reached **** piety under Uskayaw
  5586 | D:5      | Learned a level 4 spell: Petrify
  6987 | D:6      | Reached XP level 9. HP: 31/61 MP: 8/12
  7119 | D:6      | Reached skill level 11 in Earth Magic
  7119 | D:6      | Reached skill level 1 in Evocations
  8671 | D:7      | Found a bloodstained altar of Trog.
 10041 | D:7      | Reached skill level 12 in Earth Magic
 10369 | D:7      | Reached XP level 10. HP: 47/71 MP: 8/14
 10488 | D:8      | Reached skill level 5 in Evocations
 10659 | D:8      | Noticed Joseph
 10669 | D:8      | Killed Joseph
 12023 | D:8      | Reached skill level 5 in Fighting
 12027 | D:8      | Noticed Maggie
 12032 | D:8      | Noticed a two-headed ogre
 12052 | D:7      | Killed a two-headed ogre
 12342 | D:8      | Killed Maggie
 12507 | D:8      | Found a staircase to the Lair.
 12514 | D:8      | Reached XP level 11. HP: 72/84 MP: 8/17
 13118 | D:9      | Found Barokym's Antique Armour Boutique.
 13153 | D:9      | Noticed Grum
 13155 | D:9      | Reached ***** piety under Uskayaw
 13156 | D:9      | Killed Grum
 13167 | D:9      | Reached skill level 13 in Earth Magic
 13323 | D:9      | Bought a glowing robe for 92 gold pieces
 13363 | D:9      | Noticed a two-headed ogre
 13372 | D:9      | Killed a two-headed ogre
 13373 | D:9      | Reached skill level 5 in Dodging
 13373 | D:9      | Reached skill level 5 in Invocations
 13629 | D:9      | Found Nonoedd's Jewellery Shoppe.
 13653 | D:9      | Found Huetzues's Assorted Antiques.
 14131 | D:9      | Found Vutah's Antique Armour Boutique.
 14257 | D:9      | Found Uxzonen's Antique Weapon Boutique.
 14459 | D:9      | Reached skill level 5 in Spellcasting
 14985 | D:10     | Entered Level 10 of the Dungeon
 15414 | D:10     | Noticed Psyche
 15427 | D:10     | Killed Psyche
 16292 | D:10     | Found a glowing golden altar of the Shining One.
 16433 | D:10     | Found a burning altar of Makhleb.
 16747 | Lair:1   | Entered Level 1 of the Lair of Beasts
 16822 | Lair:1   | Reached skill level 5 in Transmutations
 17120 | D:8      | HP: 2/86 [yak (16)]
 17684 | D:8      | Reached XP level 12. HP: 59/95 MP: 14/21
 17846 | D:8      | Mangled by a black mamba

Illustrated notes

Levels and vault maps discovered:
D:1:      zaba_arrival_water, layout_rooms
D:2:      layout_basic
D:3:      layout_loops_cross, general_overflow_altar, uniq_natasha
D:4:      layout_basic, nicolae_ru_path_of_blood, uniq_grinder
D:5:      layout_basic, minmay_between, uniq_sigmund
D:6:      layout_basic, minmay_temple_entry_glassed_door, basic_altar,
          uniq_pikel
D:7:      layout_basic, trog_book
D:8:      layout_basic, erik_lair_island, uniq_maggie, uniq_joseph
D:9:      layout_layer_cave, serial_shops, shop, nicolae_shop_stone,
          nicolae_shop_stone, nicolae_shop_overgrown_old_shop,
          kennysheep_mini_moat, nicolae_benzene_ring, uniq_grum
D:10:     layout_long_grid, nzn_life_drinkers, uniq_psyche
D:11:     layout_layer_cave, gauntlet_entry_generic
Temple:   regret_index_temple_sigil_plot
Lair:1:   layout_small_grid

Skill      XL: |  1  2  3  4  5  6  7  8  9 10 11 |
---------------+----------------------------------+-----
Fighting       | 1 2 4 7 9 |  9.0
Earth Magic    | 4 5 8 10 12 13 | 13.2
Short Blades   | 1 2 3 |  3.0
Stealth        | 3 4 6 |  6.0
Evocations     | 4 5 |  5.0
Dodging        | 2 4 5 |  5.0
Invocations    | 2 4 5 |  5.0
Spellcasting   | 3 4 6 |  6.0
Transmutations | 3 5 |  5.0

Action                   |  1- 3 |  4- 6 |  7- 9 | 10-12 || total
-------------------------+-------+-------+-------+-------++-------
Melee: Club              |     3 |       |       |       ||     3
       Dagger            |     3 |    39 |   140 |   178 ||   360
       Short sword       |       |   147 |   119 |       ||   266
       Unarmed           |       |    20 |       |       ||    20
 Cast: Sandblast         |    42 |    36 |    16 |    12 ||   106
       Lee's Rapid Decon |       |       |    34 |    85 ||   119
       Petrify           |       |       |       |    60 ||    60
 Abil: Dig               |       |     1 |     1 |     6 ||     8
Evoke: Wand              |       |       |       |     1 ||     1
  Use: Potion            |       |     3 |     1 |     2 ||     6
       Scroll            |       |       |       |     8 ||     8
 Stab: Sleeping          |       |    11 |     8 |       ||    19
       Paralysed         |       |       |     5 |     9 ||    14
       Petrified         |       |       |       |    32 ||    32
       Petrifying        |       |       |       |     5 ||     5
Armor: Robe              |     4 |    15 |    15 |    21 ||    55
       Skin              |       |    22 |       |       ||    22
Dodge: Dodged            |     8 |   108 |   218 |   191 ||   525

Table legend: (Time is in decaauts)
 A = Elapsed time spent in this place.
 B = Non-inter-level travel time spent in this place.
 C = Inter-level travel time spent in this place.
 D = Time resting spent in this place.
 E = Time spent auto-exploring this place.
 F = Levels seen in this place.
 G = Mean time per level.
                   A        B        C        D        E       F      G
               +--------+--------+--------+--------+--------+-----+--------+
         Total |  17807 |  17330 |    477 |    779 |  14222 |  13 | 1369.8 |
       Dungeon |  17339 |  16902 |    437 |    779 |  13900 |  11 | 1576.3 |
        Temple |    320 |    280 |     40 |      0 |    279 |   1 |  320.0 |
          Lair |    147 |    147 |      0 |      0 |     43 |   1 |  147.0 |
               +--------+--------+--------+--------+--------+-----+--------+

Top non-repeatable levels by time:
     D:7: 3577 daAuts
     D:8: 2469 daAuts
     D:6: 2438 daAuts
     D:2: 1953 daAuts
     D:9: 1767 daAuts
    D:10: 1712 daAuts
     D:5: 1443 daAuts
     D:3: 862 daAuts
     D:1: 823 daAuts
  Temple: 320 daAuts
     D:4: 280 daAuts
  Lair:1: 147 daAuts
    D:11: 9 daAuts
